 Dungeon Crawl Stone Soup version 0.22-a0-402-ga933591 (webtiles) character file.

676 SaraSensei the Slasher (level 7, 0/93 HPs)
             Began as a Minotaur Berserker on May 7, 2018.
             Was a Priest of Trog.
             Succumbed to a water moccasin's poison
             ... on level 5 of the Dungeon.
             The game lasted 00:17:42 (2646 turns).

SaraSensei the Slasher (Minotaur Berserker)         Turns: 2646, Time: 00:17:43

Health: 0/93       AC:  4    Str: 28    XL:     7   Next: 33%
Magic:  6/6        EV: 13    Int:  9    God:    Trog [***...]
Gold:   73         SH:  0    Dex: 10    Spells: 6/6 levels left

rFire    . . .     SeeInvis .   a - +0 falchion
rCold    . . .     Gourm    .   (no shield)
rNeg     . . .     Faith    .   r - +0 leather armour (curse)
rPois    .         Spirit   .   (helmet restricted)
rElec    .         Reflect  .   (no cloak)
rCorr    .         Harm     .   (no gloves)
MR       .....                  j - +0 pair of boots
Stlth    ..........             (no amulet)
HPRegen  0.25/turn              (no ring)
MPRegen  0.10/turn              (no ring)

@: brilliant, berserking, lethally poisoned (0 -> -13), very quick
A: retaliatory headbutt, horns 2
a: Berserk, Trog's Hand, Renounce Religion


You were on level 5 of the Dungeon.
You worshipped Trog.
Trog was most pleased with you.
You were full.

You visited 1 branch of the dungeon, and saw 5 of its levels.

You collected 192 gold pieces.
You spent 119 gold pieces at shops.

Inventory:

Hand Weapons
 a - a +0 falchion (weapon)
 s - a +0 long sword
 t - a +0 giant club
 u - a cursed -1 rapier
Armour
 b - a +0 animal skin
 d - a +0 robe
 e - a cursed +0 leather armour
 j - a +0 pair of boots (worn)
 k - a +1 helmet
 n - a +0 ring mail
 r - a cursed +0 leather armour (worn)
 v - a +0 leather armour
 w - a +2 robe of positive energy
 x - a +0 ring mail
Scrolls
 g - a scroll of amnesia {unknown}
 h - 3 scrolls of teleportation {unknown}
 i - 5 scrolls of identify {unknown}
 o - a scroll of fog {unknown}
Potions
 p - a potion of haste {unknown}
Comestibles
 c - 4 rations


   Skills:
 + Level 5.9 Fighting
 + Level 7.3 Long Blades
 + Level 4.0 Armour
 + Level 4.4 Dodging
 + Level 0.6 Stealth


You had 6 spell levels left.
You didn't know any spells.

Dungeon Overview and Level Annotations

Branches:
Dungeon (5/15)
 Temple: D:4-7

Altars:
Ashenzari
Cheibriados
Dithmenos
Makhleb
Okawaru
Xom

Shops:
D:4 (

Annotations:
D:2 Robin


Innate Abilities, Weirdness & Mutations

You reflexively headbutt those who attack you in melee.
You have a pair of horns on your head.


Message History

You barely miss the water moccasin. You headbutt the water moccasin!
The water moccasin is heavily wounded.
You feel sick.
The water moccasin bites you but does no damage.
The water moccasin bites you.
* * * LOW HITPOINT WARNING * * *
You are lethally poisoned!
The water moccasin poisons you!
Drop what? 21/52 slots (_ for help) (? for menu, Esc to quit)
Okay, then.
It was a potion of brilliance.
You feel clever all of a sudden.
* * * LOW HITPOINT WARNING * * *
You feel sick. The gnoll barely misses you. The water moccasin bites you!
* * * LOW HITPOINT WARNING * * *
Unknown command.
A red film seems to cover your vision as you go berserk!
You feel yourself moving faster!
You feel mighty!
You feel quite a bit less full.
You die...

.........# .).#.# ...?
........##########.###...
..gg... #.......#.##..^^
...(. #.#####.#)....^_
.g. #.# #....#†.^^ #'#
#.# ####.#.... #.# #.#
#.#.... #.#####.# #.#.#.#
#<.gS@..# #.#.#.(
######### #.#.... #.#####
#....# ####.# #.# #.##
#... #.##


You could see a water moccasin and a gnoll.

Vanquished Creatures
  The ghost of SakhabievAskhat the Insei, an amateur GnTm (D:3)
  Duvessa (D:5)
  An ogre (D:5)
  Dowan (D:5)
  2 orc priests
  A gnoll shaman (D:5)
  2 orc wizards (D:5)
  A hound skeleton (D:5)
  3 gnolls (D:5)
  4 adders
  An ooze (D:1)
  2 worms
  A dart slug (D:1)
  A leopard gecko (D:4)
  6 orcs
  5 bats
  6 giant cockroaches
  6 goblins
  11 hobgoblins
  6 jackals
  2 quokkas (D:5)
  3 ball pythons
  2 frilled lizards (D:1)
  3 kobolds
  A quokka skeleton (D:5)
  3 rats
76 creatures vanquished.

Notes
Turn   | Place    | Note
-------+----------+-------------------------------------------
     0 | D:1      | SaraSensei the Minotaur Berserker began the quest for the Orb.
     0 | D:1      | Reached XP level 1. HP: 19/19 MP: 0/0
    78 | D:1      | Reached XP level 2. HP: 23/27 MP: 1/1
   127 | D:1      | Reached skill level 4 in Long Blades
   256 | D:1      | Reached ** piety under Trog
   301 | D:1      | Reached XP level 3. HP: 22/33 MP: 2/2
   517 | D:2      | Found a snail-covered altar of Cheibriados.
   614 | D:2      | Found an iron altar of Okawaru.
   743 | D:2      | Found a burning altar of Makhleb.
   750 | D:2      | Found a shadowy altar of Dithmenos.
   859 | D:2      | Noticed Robin
   877 | D:2      | Reached XP level 4. HP: 41/41 MP: 3/3
  1073 | D:3      | Noticed SakhabievAskhat's ghost (amateur GnTm)
  1089 | D:3      | Killed SakhabievAskhat's ghost
  1089 | D:3      | Reached skill level 5 in Fighting
  1089 | D:3      | Reached skill level 5 in Long Blades
  1089 | D:3      | Reached XP level 5. HP: 37/48 MP: 4/4
  1628 | D:4      | Found Ecsu's Antique Weapon Boutique.
  1758 | D:4      | Reached skill level 6 in Long Blades
  1758 | D:4      | Reached XP level 6. HP: 46/56 MP: 5/5
  1777 | D:4      | Bought a long sword for 119 gold pieces
  1794 | D:4      | Reached *** piety under Trog
  1833 | D:5      | Entered Level 5 of the Dungeon
  1867 | D:5      | Found a shattered altar of Ashenzari.
  1870 | D:5      | Noticed Duvessa
  1870 | D:5      | Noticed Dowan
  1877 | D:5      | Killed Duvessa
  1892 | D:5      | Killed Dowan
  2017 | D:5      | Reached XP level 7. HP: 13/62 MP: 6/6
  2527 | D:5      | Found a shimmering altar of Xom.
  2536 | D:5      | Reached skill level 7 in Long Blades
  2645 | D:5      | HP: 1/62 [water moccasin (8)]
  2646 | D:5      | Succumbed to a water moccasin's poison

Vault maps used:
D:1:      lightli_arrival_statue_moat, st_stairs_9
D:2:      old_standard_altar, overflow_temple_1_default,
          nicolae_ru_the_path_less_chosen, nicolae_overflow_hidden_temple,
          uniq_robin
D:3:      serial_curves, eino_curves_02, eino_curves_02,
          cheibrodos_sewer_entry_bend, tso_metal_star
D:4:      kennysheep_mini_moat, serial_shops, shop, first_ration,
          minmay_misc_feat_room, okawaru_altar_gauntlet_db, uniq_natasha
D:5:      ashenzari_altar_1, xom_teletrap_fun, uniq_duvessa

Skill      XL: |  1  2  3  4  5  6  7 |
---------------+----------------------+-----
Fighting       | 4 5 |  5.9
Long Blades    | 4 5 6 7 |  7.3
Armour         | 3 4 |  4.0
Dodging        | 3 4 |  4.4
Stealth        | |  0.6

Action                   |  1- 3 |  4- 6 |  7- 9 || total
-------------------------+-------+-------+-------++-------
Melee: Falchion          |    54 |    66 |    36 ||   156
       Headbutt          |     8 |    16 |    13 ||    37
Invok: Berserk           |       |     2 |     1 ||     3
       Trog's Hand       |       |     1 |       ||     1
  Use: Potion            |       |     3 |     1 ||     4
  Eat: Ration            |       |     1 |     3 ||     4
Armor: Animal skin       |    23 |       |       ||    23
       Ring mail         |       |    10 |       ||    10
       Leather armour    |       |     5 |     5 ||    10
Dodge: Dodged            |    51 |    59 |    20 ||   130
       Rpst.: Falchion   |    12 |    18 |     4 ||    34

Table legend:
 A = Spawn XP
 B = Non-spawn XP
 C = Spawn XP percentage of total XP
 D = Spawn monster count
 E = Non-spawn monster count
 F = Spawn count percentage of total count
 G = Total turns spent on level
                    A         B        C        D         E        F      G
               +---------+---------+-------+---------+---------+-------+---------
         Total |       0 |     967 |   0.0 |       0 |      76 |   0.0 |  2646
               +---------+---------+-------+---------+---------+-------+---------
           D:1 |       0 |      51 |   0.0 |       0 |      25 |   0.0 |   501
           D:2 |       0 |      59 |   0.0 |       0 |      19 |   0.0 |   529
           D:3 |       0 |     202 |   0.0 |       0 |       5 |   0.0 |   448
           D:4 |       0 |      85 |   0.0 |       0 |      12 |   0.0 |   355
           D:5 |       0 |     570 |   0.0 |       0 |      15 |   0.0 |   813
               +---------+---------+-------+---------+---------+-------+---------
